 Dungeon Crawl Stone Soup version 0.26.1-11-gd32895ea62 (webtiles) character file.

Game seed: 9791865021499974180

0 Descartes the Grasshopper (level 1, 0/7 HPs)
             Began as a Felid Wanderer on July 21, 2021.
             Slain by a jackal (2 damage)
             ... on level 1 of the Dungeon.
             The game lasted 00:01:28 (81 turns).

Descartes the Grasshopper (Felid Wanderer)            Turns: 81, Time: 00:01:28

Health: 0/7        AC:  1    Str:  6    XL:     1   Next: 8%
Magic:  4/4        EV: 15    Int: 17    God:
Gold:   10         SH:  0    Dex: 13    Spells: 3/4 levels left
                                        Lives:  0   Deaths: 0

rFire    . . .     SeeInvis +   (weapon unavailable)
rCold    . . .     Faith    .   (shield unavailable)
rNeg     . . .     Spirit   .   (armour unavailable)
rPois    .         Reflect  .   (helmet unavailable)
rElec    .         Harm     .   (cloak unavailable)
rCorr    .         Rampage  .   (gloves unavailable)
Will     .....                  (boots unavailable)
Stlth    ++........             (no amulet)
HPRegen  0.02/turn              (no ring)
MPRegen  0.09/turn              (no ring)

@: quick
A: very small, no armour, no weapons or thrown items, stealth, claws 1, fangs 3,
see invisible, speed 1, shaggy fur 1, sharp paws
a: no special abilities


You were on level 1 of the Dungeon.
You visited 1 branch of the dungeon, and saw 1 of its levels.

You collected 10 gold pieces.

Inventory:

Potions
 a - a potion of haste {unknown}
 b - a potion of lignification


   Skills:
 + Level 0.1 Dodging
 + Level 1.4 Stealth
 + Level 0.0 Unarmed Combat
 - Level 2.0 Spellcasting
 - Level 1.0 Conjurations
 - Level 3.0 Translocations
 - Level 1.7 Ice Magic
 - Level 1.0 Poison Magic
 - Level 1.1 Evocations


You had 3 spell levels left.
You knew the following spells:

 Your Spells              Type           Power        Failure   Level
a - Magic Dart            Conj           20%          13%         1

Your spell library contained the following spells:

 Spells                   Type           Power        Failure   Level
 Blink                    Tloc           N/A          9%          2
 Call Imp                 Summ           1%           28%         2
 Slow                     Hex            1%           28%         2
 Mephitic Cloud           Conj/Pois/Air  3%           41%         3
 Conjure Flame            Conj/Fire      3%           43%         3


Dungeon Overview and Level Annotations

Branches:
Dungeon (1/15)

Altars:


Innate Abilities, Weirdness & Mutations

You cannot wear armour.
You are incapable of wielding weapons or throwing items.
Your paws allow you to move quietly. (Stealth)
You have sharp claws.
You have razor-sharp teeth.
You have supernaturally acute eyesight. (SInv)
You cover ground quickly.
You are covered in fur. (AC +1)
Your sharp claws are effective at attacking unaware monsters.


Message History

* * * LOW HITPOINT WARNING * * *
The jackal completely misses you.
You barely miss the jackal. The jackal completely misses you.
You scratch the jackal but do no damage.
You bite the jackal.
The jackal is moderately wounded.
The jackal closely misses you. x2
Casting: Magic Dart (safe; 13% risk of failure)
Confirm with . or Enter, or press ? or * to list all spells.
Aiming: Magic Dart (safe; 13% risk of failure)
Press: ? - help, Shift-Dir - straight line, f - frilled lizard
Aim: a frilled lizard (0% to evade)
Okay, then.
You scratch the jackal but do no damage.
The jackal is moderately wounded.
The jackal completely misses you.
You closely miss the jackal.
The jackal is moderately wounded.
The jackal barely misses you. The jackal bites you.
You die...

########## ...^.....#
##########.# ... #.# ##.# #.#
#...## #.#
.###....####.####### ##
.....>.hlh@(.......# ..
.###.#.####.#####.## .## #
##.#.# #.#####..# ..# #..
..#l# #.....##.###+#.#
#...##+#.#.# ##.#...##..##.#.#
#........#h###....#####.##.#.#
#........w...............#...'
#.......##..[####....###...#.#
#.......##......#.##.# #.#.#.#


You could see 2 jackals and a frilled lizard.

Vanquished Creatures
  A frilled lizard (D:1)
1 creature vanquished.

Notes
Turn   | Place    | Note
-------+----------+-------------------------------------------
     0 | D:1      | Descartes the Felid Wanderer began the quest for the Orb.
     0 | D:1      | Descartes set off with the following items: a potion of
                  | lignification; and the following spell memorised: Magic
                  | Dart; and the following spells available to memorise:
                  | Blink, Call Imp, Slow, Mephitic Cloud, Conjure Flame
     0 | D:1      | Reached XP level 1. HP: 7/7 MP: 4/4
    81 | D:1      | Slain by a jackal

Illustrated notes

Levels and vault maps discovered:
D:1:      dpeg_arrival_orchard, layout_basic

Action                   || total
-------------------------++-------
Melee: Unarmed           ||     7
       Bite              ||     1
 Stab: Sleeping          ||     1
Dodge: Dodged            ||     9
